 Dungeon Crawl Stone Soup version 0.27.1-33-g824d729ab1 (webtiles) character file.

Game seed: 1045087766737783786

11113 Descartes the Grappler (level 11, -7/109 HPs)
             Began as a Troll Warper on Dec 31, 2021.
             Mangled by an orc warrior (22 damage)
             ... on level 1 of the Orcish Mines.
             The game lasted 00:25:31 (8149 turns).

Descartes the Grappler (Troll Warper)               Turns: 8149, Time: 00:25:31

Health: -7/109     AC:  7    Str: 22    XL:     11   Next: 45%
Magic:  0/14       EV: 10    Int: 10    God:
Gold:   390        SH:  0    Dex: 10    Spells: 8/16 levels left

rFire    + . .     SeeInvis +     - Unarmed
rCold    . . .     Faith    .   (no shield)
rNeg     . . .     Spirit   .   K - +0 troll leather armour
rPois    .         Reflect  .   (helmet restricted)
rElec    .         Harm     .   m - +0 cloak
rCorr    .         Rampage  .   (gloves unavailable)
Will     .....     NoTele   +   (boots unavailable)
Stlth    +.........             H - amulet of regeneration
HPRegen  3.28/turn              f - ring of see invisible
MPRegen  0.14/turn              q - ring of protection from fire

@: immobile, very slightly contaminated, hasted, very quick
A: large, unfitting armour, claws 3, regeneration 1, shaggy fur 1, tough skin 1
a: no special abilities


You were on level 1 of the Orcish Mines.
You visited 3 branches of the dungeon, and saw 11 of its levels.
You also visited: Ossuary.

You collected 607 gold pieces.
You spent 217 gold pieces at shops.

Inventory:

Hand Weapons
 N - the +7 war axe "Eqeeph" {vorpal, +Rage Str+4}
   (You found it in an ossuary)

   It inflicts extra damage upon your enemies.
   Str:       It affects your strength (+4).
   +Rage:     It lets you go berserk.
 S - a +0 scimitar of flaming
Missiles
 c - 5 boomerangs of dispersal
 d - 337 stones (quivered)
 r - 5 javelins
 t - 24 poisoned darts
 w - 10 boomerangs
 J - 4 throwing nets
 O - 7 curare-tipped darts
 X - 2 silver boomerangs
Armour
 m - a +0 cloak (worn)
 K - a +0 troll leather armour (worn)
 T - a +1 robe of fire resistance
Magical Staves
 L - a staff of fire
 P - a staff of poison
Jewellery
 f - a ring of see invisible (left claw)
 k - an amulet of guardian spirit
 q - a ring of protection from fire (right claw)
 s - a ring of protection from cold
 H - an amulet of regeneration (around neck)
Wands
 a - a wand of paralysis (8)
 v - a wand of charming (15)
 y - a wand of iceblast (11)
 B - a wand of digging (6)
 R - a wand of flame (23)
Scrolls
 b - a scroll of blinking
 g - a scroll of noise {unknown}
 h - a scroll of fog {unknown}
 j - 4 scrolls of teleportation
 n - 2 scrolls of amnesia {unknown}
 x - 3 scrolls of identify {unknown}
 D - 2 scrolls of fear {unknown}
 E - a scroll of holy word {unknown}
 F - 3 scrolls of magic mapping
 G - a scroll of acquirement {unknown}
 M - a scroll of brand weapon {unknown}
 Q - a scroll of immolation {unknown}
 W - a scroll of vulnerability {unknown}
Potions
 e - a potion of haste
 i - a potion of brilliance {unknown}
 l - 8 potions of heal wounds
 o - 2 potions of attraction {unknown}
 p - 2 potions of flight {unknown}
 u - 2 potions of mutation {unknown}
 z - 2 potions of invisibility {unknown}
 A - a potion of might {unknown}
 C - 6 potions of curing
 I - 2 potions of ambrosia {unknown}
 V - a potion of degeneration {unknown}
Miscellaneous
 U - a box of beasts


   Skills:
 + Level 7.3 Fighting
 + Level 7.9 Throwing
 + Level 4.4 Dodging
 + Level 8.8 Unarmed Combat
 - Level 3.0 Spellcasting
 + Level 6.9 Translocations


You had 8 spell levels left.
You knew the following spells:

 Your Spells              Type           Power      Damage    Failure   Level
a - Blink                 Tloc           N/A        N/A       2%          2
b - Manifold Assault      Tloc           15%        N/A       45%         5
c - Apportation           Tloc           30%        N/A       1%          1

Your spell library contained the following spells:

 Spells                   Type           Power      Damage    Failure   Level
 Gell's Gravitas          Tloc           7%         N/A       5%          3
 Lesser Beckoning         Tloc           7%         N/A       5%          3
 Teleport Other           Tloc           15%        N/A       5%          3
 Animate Skeleton         Necr           2%         N/A       32%         1
 Corona                   Hex            1%         N/A       32%         1
 Freeze                   Ice            4%         1d3       32%         1
 Shock                    Conj/Air       4%         1d3       32%         1
 Sting                    Tmut/Pois      4%         1d3       32%         1
 Summon Small Mammal      Summ           4%         N/A       32%         1
 Poisonous Vapours        Pois/Air       2%         N/A       43%         2
 Iskenderun's Mystic Bla  Conj/Tloc      8%         2d4       61%         4
 Dazzling Flash           Conj/Hex       2%         N/A       67%         3
 Frozen Ramparts          Ice            2%         1d2       67%         3
 Swiftness                Air            1%         N/A       67%         3
 Airstrike                Air            0%         N/A       97%         4
 Hailstorm                Conj/Ice       1%         3d3       97%         4
 Olgreb's Toxic Radiance  Pois           1%         N/A       97%         4
 Starburst                Conj/Fire      0%         6d3       100%        6


Dungeon Overview and Level Annotations

Branches:
Dungeon (9/15)             Temple (1/1) D:7             Orc (1/2) D:9
Ossuary (visited)
   Lair: D:8-11

Altars:
Ashenzari
Cheibriados
Dithmenos
Elyvilon
Fedhas
Gozag
Hepliaklqana
Makhleb
Nemelex Xobeh
Okawaru
Qazlal
Sif Muna
Trog
Uskayaw
Vehumet
Wu Jian
Xom
Yredelemnul
Zin
The Shining One

Shops:
D:1 *   D:3 *   D:5 [   Orc:1 *


Innate Abilities, Weirdness & Mutations

You are too large for most types of armour.
You have claws for hands.
Your natural rate of healing is unusually fast.
You are covered in fur. (AC +1)
You have tough skin. (AC +1)


Message History

You don't have enough magic to cast this spell.
Unknown command.
It was a potion of curing.
You feel better. The orc closely misses you.
The orc priest looks encouraged for a moment.
The orc priest closely misses you.
It was a potion of haste.
You feel yourself speed up. The orc closely misses you.
The orc knight roars a battlecry!
The orc priest goes into a battle-frenzy!
The orc priest hits you with a +0 hand axe.
The orc barely misses you.
The orc wizard hits you but does no damage.
The orc priest hits you with a +0 trident!
You closely miss the orc warrior. The orc closely misses you.
The orc warrior closely misses you. The orc barely misses you.
The orc priest hits you with a +0 hand axe.
You scratch the orc warrior but do no damage.
The orc wizard gestures at you while chanting.
The magic dart hits you.
The orc priest calls down the wrath of Beogh upon you.
Beogh smites you! The orc barely misses you.
You closely miss the orc warrior. The orc warrior closely misses you.
The orc closely misses you.
The orc priest hits you with a +0 hand axe!
The orc priest looks braver for a moment.
The orc wizard hits you with a +0 dagger.
The orc warrior barely misses you.
The orc priest mumbles some strange prayers to Beogh against you.
Beogh smites you!
* * * LOW HITPOINT WARNING * * *
Casting: Manifold Assault (dangerous; 45% risk of failure)
Confirm with . or Enter, or press ? or * to list all spells.
Space momentarily warps into an impossible shape!
You closely miss the orc warrior.
You scratch the orc knight but do no damage.
The orc priest hits you with a +0 trident.
* * * LOW HITPOINT WARNING * * *
The orc barely misses you.
The orc warrior hits you with a +0 flail!!
You die...

###..## >.........#
##...... .....#$..>
####.....## ......#.#.
##.##......#
.........####.........#.
....oooo..##.#.##.####..
....oooo.##..)##### ##.
....ooooo.#...# ##
...oooo@o....##
#....##oo.#.## ##.
#...### ##.## ###


You could see an orc knight, 5 orc warriors, 6 orc priests, 2 orc wizards and 6
orcs.

Vanquished Creatures
  Harold (D:9)
  Erica (D:8)
  A flayed ghost (D:9)
  2 trolls
  2 wyverns
  21 yaks
  2 wargs
  Edmund (D:4)
  A water moccasin (D:6)
  6 orc warriors
  A sky beast (D:6)
  A black bear (D:5)
  2 ice beasts (D:7)
  A hornet zombie (D:6)
  3 ogres
  A necrophage (D:6)
  2 centaurs
  2 phantoms
  A bullfrog (D:7)
  4 kobold brigands
  A wyvern zombie (D:7)
  A scorpion (D:4)
  6 water moccasin zombies
  5 killer bees (D:8)
  15 wights
  4 centaur zombies
  A hound (D:5)
  2 jellies (D:5)
  6 bullfrog skeletons
  A gnoll shaman (D:6)
  14 orc priests
  Jessica (D:3)
  Ijyb (D:4)
  Terence (D:3)
  13 orc wizards
  A killer bee zombie (D:7)
  A hound zombie (D:5)
  A hound skeleton (D:4)
  3 mummies
  8 gnolls
  2 adders
  A white imp (D:6)
  An ufetubus (D:7)
  2 adder zombies (Ossuary)
  2 worms (D:3)
  A dart slug (D:1)
  31 orcs
  7 bats
  6 endoplasms
  2 giant cockroaches
  A gnoll zombie (Ossuary)
  10 goblins
  9 hobgoblins
  8 quokkas
  7 ball pythons
  5 frilled lizards
  3 hobgoblin zombies (Ossuary)
  21 kobolds
  5 kobold zombies (Ossuary)
  9 orc zombies (Ossuary)
  9 rats
284 creatures vanquished.

Vanquished Creatures (others)
  2 kobolds (D:7)
  A fungus (D:2)
  A plant (D:2)
4 creatures vanquished.

Grand Total: 288 creatures vanquished

Notes
Turn   | Place    | Note
-------+----------+-------------------------------------------
     0 | D:1      | Descartes the Troll Warper began the quest for the Orb.
     0 | D:1      | Reached XP level 1. HP: 19/19 MP: 1/1
    96 | D:1      | Reached skill level 1 in Throwing
   116 | D:1      | Reached XP level 2. HP: 25/28 MP: 3/3
   189 | D:1      | Found Bukech Etsi's Assorted Antiques.
   589 | D:1      | Reached XP level 3. HP: 35/35 MP: 4/4
   924 | D:2      | Found a faded altar of an unknown god.
  1175 | D:2      | Reached XP level 4. HP: 39/42 MP: 5/5
  1647 | D:3      | Learned a level 2 spell: Blink
  1763 | D:3      | Noticed Terence
  1768 | D:3      | Killed Terence
  1809 | D:3      | Found Zelo's Assorted Antiques.
  1820 | D:3      | Bought a puce potion for 22 gold pieces
  1820 | D:3      | Bought a murky amethyst potion for 22 gold pieces
  1922 | D:3      | Noticed a phantom
  1941 | D:3      | Killed a phantom
  1942 | D:3      | Reached skill level 3 in Unarmed Combat
  1942 | D:3      | Reached XP level 5. HP: 43/50 MP: 6/6
  1994 | D:3      | Noticed Jessica
  2007 | D:3      | Killed Jessica
  2702 | D:4      | Reached XP level 6. HP: 58/59 MP: 6/8
  2731 | D:4      | Noticed Edmund
  2758 | D:4      | Killed Edmund
  3024 | D:4      | Noticed Ijyb
  3041 | D:4      | Killed Ijyb
  3042 | D:4      | Reached XP level 7. HP: 67/67 MP: 9/9
  3099 | D:5      | Entered Level 5 of the Dungeon
  3148 | D:5      | Reached skill level 4 in Unarmed Combat
  3437 | D:1      | Bought a white potion for 23 gold pieces
  3437 | D:1      | Bought a scroll labelled XIRHAA MY URPHE for 26 gold pieces
  3437 | D:1      | Bought a scroll labelled ZUR HYCOSOL for 26 gold pieces
  3624 | D:5      | Reached XP level 8. HP: 57/71 MP: 8/11
  3768 | D:5      | Found Ycom's Armour Boutique.
  4098 | D:6      | Reached skill level 5 in Unarmed Combat
  4358 | D:6      | Found a burning altar of Makhleb.
  4477 | D:6      | Found a snail-covered altar of Cheibriados.
  4518 | D:6      | HP: 3/76 [necrophage (6)]
  4590 | D:6      | Found a bloodstained altar of Trog.
  4649 | D:6      | Reached XP level 9. HP: 29/85 MP: 12/12
  4756 | D:6      | Noticed a troll
  4761 | D:6      | Killed a troll
  4762 | D:6      | Reached skill level 5 in Throwing
  5009 | D:7      | Reached skill level 6 in Unarmed Combat
  5071 | D:7      | Found a sand-covered staircase.
  5079 | Ossuary  | Entered an ossuary
  5136 | Ossuary  | Reached skill level 5 in Fighting
  5179 | Ossuary  | Reached skill level 5 in Translocations
  5262 | Ossuary  | Identified the +7 war axe "Eqeeph" {vorpal, +Rage Str+4}
  5507 | D:7      | Found a staircase to the Ecumenical Temple.
  5537 | Temple   | Entered the Ecumenical Temple
  5705 | D:7      | Learned a level 5 spell: Manifold Assault
  5707 | D:7      | Learned a level 1 spell: Apportation
  6208 | D:8      | Reached skill level 7 in Unarmed Combat
  6246 | D:8      | Reached XP level 10. HP: 83/98 MP: 13/13
  6784 | D:8      | Noticed Erica
  6797 | D:8      | Killed Erica
  6867 | D:9      | Noticed Harold
  6886 | D:9      | Killed Harold
  6887 | D:9      | Reached skill level 8 in Unarmed Combat
  7308 | D:1      | Bought a white potion for 23 gold pieces
  7308 | D:1      | Bought a white potion for 23 gold pieces
  7308 | D:1      | Bought a wand of charming (9) for 52 gold pieces
  7431 | D:7      | Reached XP level 11. HP: 31/90 MP: 14/14
  7694 | D:9      | Noticed a flayed ghost
  7700 | D:9      | Killed a flayed ghost
  7790 | D:9      | Found a shimmering altar of Xom.
  7833 | D:9      | Found a staircase to the Orcish Mines.
  7844 | Orc:1    | Entered Level 1 of the Orcish Mines
  7844 | Orc:1    | Found Xeptieq's General Store.
  8137 | Orc:1    | Noticed an orc knight
  8149 | Orc:1    | Mangled by an orc warrior

Illustrated notes

Levels and vault maps discovered:
D:1:      evilmike_arrival_rings, layout_basic, serial_shops,
          nicolae_shop_window_shopping
D:2:      layout_loops_ring, shapermc_ecumenical_altar_acropolis
D:3:      layout_loops_corners, serial_shops, shop, uniq_terence, uniq_jessica
D:4:      layout_basic, uniq_ijyb, uniq_edmund
D:5:      layout_cave_pools, serial_shops, shop
D:6:      layout_gridville, pf_just_have_faith,
          mainiacjoe_overflow_catch_the_wave
D:7:      layout_loops_ring, minmay_temple_entry_offerings,
          gup_ossuary_entry_pyramid
D:8:      layout_rooms, uniq_erica
D:9:      layout_roguey, mainiacjoe_overflow_catwalk, orc_0_dummy,
          kennysheep_just_a_vault, uniq_harold
Temple:   nicolae_temple_elliptical
Orc:1:    layout_caves, serial_shops, nicolae_shop_waterfront, shop,
          nicolae_orc_pool_cavern

Skill      XL: |  1  2  3  4  5  6  7  8  9 10 11 |
---------------+----------------------------------+-----
Throwing       | 1 2 3 4 6 7 |  7.9
Fighting       | 2 3 4 5 6 7 |  7.3
Unarmed Combat | 3 4 5 7 8 |  8.8
Spellcasting   | 2 3 |  3.0
Translocations | 3 4 5 6 |  6.9
Dodging        | 3 4 |  4.4

Action                   |  1- 3 |  4- 6 |  7- 9 | 10-12 || total
-------------------------+-------+-------+-------+-------++-------
Melee: Unarmed           |    93 |   174 |   408 |   387 ||  1062
       Punch             |       |     4 |    11 |     9 ||    24
 Cast: Blink             |       |       |       |     4 ||     4
       Manifold Assault  |       |       |       |     4 ||     4
  Use: Scroll            |       |       |     2 |       ||     2
       Potion            |       |       |       |     3 ||     3
Armor: Robe              |    50 |    48 |    65 |       ||   163
       Troll leather arm |       |       |    65 |   134 ||   199
Dodge: Dodged            |    46 |    68 |   213 |   247 ||   574
